 Dungeon Crawl Stone Soup version 0.20.1-1-g8b1a95d (webtiles) character file.

108 Inchmeat the Slasher (level 4, -1/36 HPs)
             Began as a Barachi Monk on Oct 10, 2017.
             Killed from afar by Natasha (6 damage)
             ... with a magic dart
             ... on level 2 of the Dungeon.
             The game lasted 00:02:29 (2187 turns).

Inchmeat the Slasher (Barachi Monk)                 Turns: 2187, Time: 00:02:30

Health: -1/36      AC:  2    Str: 13    XL:     4   Next: 87%
Magic:  4/4        EV: 20    Int: 10    God:
Gold:   96         SH:  0    Dex: 20    Spells: 3/3 levels left

rFire    . . .     SeeInvis .   k - +0 falchion (slice)
rCold    . . .     Gourm    .   (no shield)
rNeg     . . .     Faith    .   b - +0 robe
rPois    .         Spirit   .   (no helmet)
rElec    .         Reflect  .   (no cloak)
rCorr    .         Harm     .   (no gloves)
MR       .....                  (no boots)
Stlth    +++.......             (no amulet)
Regen    0.2/turn               (no ring)
MPRegen  0.1/turn               (no ring)

@: agile, slow
A: +LOS, swims, slowness 1, strong legs 1
a: Hop


You were on level 2 of the Dungeon.
You were very hungry.

You visited 1 branch of the dungeon, and saw 2 of its levels.

You collected 96 gold pieces.

Inventory:

Hand Weapons
 a - a +0 falchion
 k - a +0 falchion of slicing (weapon)
Missiles
 j - 6 javelins (quivered)
Armour
 b - a +0 robe (worn)
Wands
 f - a wand of digging (14/24)
Scrolls
 d - a scroll of fear {unknown}
 e - 3 scrolls of enchant weapon {unknown}
 g - a scroll of immolation {unknown}
 i - 3 scrolls of remove curse {unknown}
 n - a scroll of amnesia {unknown}
 q - a scroll of magic mapping {unknown}
Potions
 l - a potion of brilliance
 m - 4 potions of haste
 p - a potion of agility
Comestibles
 c - 2 bread rations
 h - a meat ration
 o - 2 royal jellies


   Skills:
 - Level 3.6 Fighting
 * Level 5.6 Long Blades
 * Level 4.4 Dodging
 - Level 1.7 Stealth


You had 3 spell levels left.
You didn't know any spells.

Dungeon Overview and Level Annotations

Branches:
Dungeon (2/15)

Altars:

Annotations:
D:2 Natasha


Innate Abilities, Weirdness & Mutations

Shadows flee at your approach. (+LOS)
You can swim through water.
You cover ground slowly.
You can hop short distances.


Message History

You closely miss Natasha.
Natasha is severely wounded.
Natasha stares at you and mumbles some strange words.
You resist with some effort.
You closely miss Natasha.
Natasha is severely wounded.
Natasha claws you! Natasha barely misses you.
You barely miss Natasha.
Natasha is severely wounded.
Natasha mewls in sadness.
Natasha claws you.
You barely miss Natasha.
Natasha is severely wounded.
Natasha stares at you and mumbles some strange words.
The magic dart hits you!
* * * LOW HITPOINT WARNING * * *
You feel agile all of a sudden.
Natasha stares at you and mumbles some strange words.
The magic dart hits you!
You die...

#.#.#(##..#######....####
#.#.#.##..# ##.#.....
#.#.......# #.######
#.........# #.# #
########.## ##'## # #.#
##...## # #.# ##.....## #
#######h## ##.......###
#......@.####.........##
#.###.......'.........'.
#.##.....####.........##
#.##.##..# ##.......##
#.##.###.# ##.....## #
#.##.###.# ##...## #
#....†...# ##'## #
####.##### #.# #.# #.#


You could see Natasha.

Vanquished Creatures
  Natasha (twice) (D:2)
  2 adders (D:2)
  A worm (D:2)
  A dart slug (D:1)
  2 ball pythons (D:1)
  4 bats
  2 giant cockroaches
  5 goblins
  3 hobgoblins
  2 jackals (D:1)
  6 frilled lizards
  4 kobolds
  9 rats
43 creatures vanquished.

Notes
Turn   | Place    | Note
-------+----------+-------------------------------------------
     0 | D:1      | Inchmeat the Barachi Monk began the quest for the Orb.
     0 | D:1      | Reached XP level 1. HP: 18/18 MP: 1/1
    71 | D:1      | Reached XP level 2. HP: 23/24 MP: 2/2
    85 | D:1      | Reached skill level 4 in Long Blades
   848 | D:2      | Reached XP level 3. HP: 21/29 MP: 3/3
  1422 | D:2      | Noticed Natasha
  1430 | D:2      | Killed Natasha
  1430 | D:2      | Reached skill level 5 in Long Blades
  1430 | D:2      | Reached XP level 4. HP: 10/36 MP: 4/4
  2094 | D:2      | Noticed Natasha
  2107 | D:2      | Killed Natasha
  2177 | D:2      | Noticed Natasha
  2187 | D:2      | Killed from afar by Natasha

Skill      XL: |  1  2  3 |
---------------+----------+-----
Long Blades    | 4 5 |  5.6
Dodging        | 4 |  4.4
Fighting       | |  3.6
Stealth        | |  1.7

Action                   |  1- 3 |  4- 6 || total
-------------------------+-------+-------++-------
Melee: Falchion          |   105 |    32 ||   137
  Use: Potion            |     2 |     1 ||     3
       Scroll            |       |     3 ||     3
 Stab: Sleeping          |     5 |     2 ||     7
  Eat: Chunk             |     2 |     2 ||     4
Armor: Robe              |    14 |       ||    14
Dodge: Dodged            |    89 |    17 ||   106
       Rpst.: Falchion   |    31 |     6 ||    37
